SL
FT. WORTH CATTLEMEN @ BUCKHEAD BOWTIES
08/08/2041
 
TOP OF THE 1ST
Ft. Worth Cattlemen batting - Pitching for Buckhead Bowties : RHP Dave Becker
Pitching: RHP Dave Becker
Batting: RHB Dennis Wacher 0-0: Ball
1-0: Foul Ball, location: 2F
1-1: Ball
2-1: Ball
3-1: Called Strike
3-2: Base on Balls
Batting: LHB Semo Hoaloha 0-0: Ball
1-0: Fly out, F9 (Flyball, 9S, EV 86.2 MPH)
Batting: LHB Craig Woods 0-0: Ball
1-0: Called Strike
1-1: Ball
2-1: Swinging Strike
2-2: Strikes out swinging
Batting: SHB Kolby Hay 0-0: Ball
1-0: SINGLE (Line Drive, 8RS, EV 95.6 MPH)
Dennis Wacher to second
Batting: RHB Derek Bangert 0-0: Ball
1-0: Foul Ball, location: 2F
1-1: Called Strike
1-2: Ball
2-2: Ball
3-2: Strikes out swinging
Top of the 1st over - 0 runs, 1 hit, 0 errors, 2 left on base; Ft. Worth 0 - Buckhead 0
BOTTOM OF THE 1ST
Buckhead Bowties batting - Pitching for Ft. Worth Cattlemen : LHP Allen Werner
Pitching: LHP Allen Werner
Batting: SHB Silvio Capitanio 0-0: Swinging Strike
0-1: Called Strike
0-2: SINGLE (Groundball, 6D, EV 94.4 MPH)
Batting: RHB Barsati Saraf 0-0: SINGLE (Groundball, 3D, EV 101.9 MPH)
Silvio Capitanio to second
Runner from 2nd tries for 3rd, OUT! 9-5
Batting: RHB Hugh Mungus 0-0: Ball
1-0: Foul Ball, location: 2F
1-1: Ball
Wild Pitch!
Barsati Saraf to second
2-1: Ball
3-1: Called Strike
3-2: Base on Balls
Batting: LHB Jesús Encarnación 0-0: Swinging Strike
0-1: SINGLE (Groundball, 3D, EV 101.2 MPH)
Barsati Saraf to third
Hugh Mungus to second
Batting: LHB Spencer Powell 0-0: Ball
1-0: Fly out, F8 (Flyball, 8RD, EV 88.1 MPH)
Runner from 3rd tags up, SCORES, throw by CF
Hugh Mungus to third
Batting: LHB Marcus Shill 0-0: Ball
1-0: Ball
2-0: Ball
3-0: Base on Balls
Jesús Encarnación to second
Batting: LHB Charles Godard 0-0: Fly out, F9 (Line Drive, 9D, EV 100.6 MPH)
Bottom of the 1st over - 1 run, 3 hits, 0 errors, 3 left on base; Ft. Worth 0 - Buckhead 1
TOP OF THE 2ND
Ft. Worth Cattlemen batting - Pitching for Buckhead Bowties : RHP Dave Becker
Batting: LHB Count Dante 0-0: Ball
1-0: Ball
2-0: Swinging Strike
2-1: Called Strike
2-2: Fly out, F8 (Line Drive, 8LD, EV 97.5 MPH)
Batting: RHB Tsuneari Hirano 0-0: Ground out 6-3 (Groundball, 6, EV 79.4 MPH)
Batting: RHB Jesús Torres 0-0: Ground out 6-3 (Groundball, 6S, EV 88.1 MPH)
Top of the 2nd over - 0 runs, 0 hits, 0 errors, 0 left on base; Ft. Worth 0 - Buckhead 1
BOTTOM OF THE 2ND
Buckhead Bowties batting - Pitching for Ft. Worth Cattlemen : LHP Allen Werner
Batting: RHB César Guerra 0-0: Called Strike
0-1: Ball
1-1: Ball
2-1: Foul Ball, location: 2F
2-2: Strikes out swinging
Batting: SHB Arend van der Veen 0-0: DOUBLE (Line Drive, 89XD, EV 98.8 MPH)
Batting: SHB Silvio Capitanio 0-0: Ball
1-0: Foul Ball, location: 2F
1-1: Ball
Wild Pitch!
Arend van der Veen to third
2-1: Ground out 6-3 (Groundball, 6, EV 108.1 MPH)
Arend van der Veen scores
Batting: RHB Barsati Saraf 0-0: Ball
1-0: Foul Ball, location: 2F
1-1: Called Strike
1-2: Ball
2-2: Ball
3-2: DOUBLE (Flyball, 8RXD, EV 90.0 MPH)
Batting: RHB Hugh Mungus 0-0: Swinging Strike
0-1: Called Strike
0-2: Foul Ball, location: 2F
0-2: Foul Ball, location: 2F
0-2: Ball
1-2: Fly out, F6 (Popup, 4MS, EV 61.2 MPH)
Bottom of the 2nd over - 1 run, 2 hits, 0 errors, 1 left on base; Ft. Worth 0 - Buckhead 2
TOP OF THE 3RD
Ft. Worth Cattlemen batting - Pitching for Buckhead Bowties : RHP Dave Becker
Batting: RHB Mun-wah Law 0-0: Called Strike
0-1: Fly out, F3 (Popup, 3F, EV 63.8 MPH)
Batting: RHB Dennis Wacher 0-0: Called Strike
0-1: Foul Ball, location: 2F
0-2: Ball
1-2: Strikes out looking
Batting: LHB Semo Hoaloha 0-0: Ball
1-0: Called Strike
1-1: Foul Ball, location: 2F
1-2: Ball
2-2: Strikes out swinging
Top of the 3rd over - 0 runs, 0 hits, 0 errors, 0 left on base; Ft. Worth 0 - Buckhead 2
BOTTOM OF THE 3RD
Buckhead Bowties batting - Pitching for Ft. Worth Cattlemen : LHP Allen Werner
Batting: LHB Jesús Encarnación 0-0: Foul Ball, location: 2F
0-1: Ball
1-1: Swinging Strike
1-2: Foul Ball, location: 2F
1-2: Fly out, F8 (Line Drive, 8RM, EV 102.5 MPH)
Batting: LHB Spencer Powell 0-0: Foul Ball, location: 2F
0-1: Ball
1-1: Swinging Strike
1-2: Foul Ball, location: 2F
1-2: Strikes out swinging
Batting: LHB Marcus Shill 0-0: Ball
1-0: Ball
2-0: Called Strike
2-1: SINGLE (Groundball, 4MD, EV 99.4 MPH)
Batting: LHB Charles Godard 0-0: Foul Ball, location: 2F
0-1: Ball
1-1: Swinging Strike
1-2: Ground out 6-3 (Groundball, 6S, EV 89.4 MPH)
Bottom of the 3rd over - 0 runs, 1 hit, 0 errors, 1 left on base; Ft. Worth 0 - Buckhead 2
TOP OF THE 4TH
Ft. Worth Cattlemen batting - Pitching for Buckhead Bowties : RHP Dave Becker
Batting: LHB Craig Woods 0-0: Foul Ball, location: 2F
0-1: Ball
1-1: Foul Ball, location: 2F
1-2: SINGLE (Groundball, 34D, EV 98.1 MPH)
Batting: SHB Kolby Hay 0-0: Foul Ball, location: 2F
0-1: Foul Ball, location: 2F
0-2: Ball
1-2: Strikes out swinging
Batting: RHB Derek Bangert 0-0: Called Strike
0-1: Foul Ball, location: 2F
0-2: Strikes out swinging
Batting: LHB Count Dante 0-0: Foul Ball, location: 2F
0-1: Foul Ball, location: 2F
0-2: Ball
1-2: Strikes out swinging
Top of the 4th over - 0 runs, 1 hit, 0 errors, 1 left on base; Ft. Worth 0 - Buckhead 2
BOTTOM OF THE 4TH
Buckhead Bowties batting - Pitching for Ft. Worth Cattlemen : LHP Allen Werner
Batting: RHB César Guerra 0-0: Ball
1-0: Ball
2-0: Ball
3-0: Base on Balls
Batting: SHB Arend van der Veen 0-0: Called Strike
0-1: Called Strike
0-2: Fly out, F6 (Popup, 6MS, EV 86.2 MPH)
Batting: SHB Silvio Capitanio 0-0: Ball
1-0: Ball
2-0: Called Strike
2-1: Ball
3-1: Swinging Strike
3-2: Foul Ball, location: 2F
3-2: Foul Ball, location: 2F
3-2: Base on Balls
César Guerra to second
Batting: RHB Barsati Saraf 0-0: Called Strike
0-1: Called Strike
0-2: Ball
1-2: Ball
2-2: Strikes out looking
Batting: RHB Hugh Mungus 0-0: Fly out, F7 (Line Drive, 7, EV 106.9 MPH)
Bottom of the 4th over - 0 runs, 0 hits, 0 errors, 2 left on base; Ft. Worth 0 - Buckhead 2
TOP OF THE 5TH
Ft. Worth Cattlemen batting - Pitching for Buckhead Bowties : RHP Dave Becker
Batting: RHB Tsuneari Hirano 0-0: Swinging Strike
0-1: Ball
1-1: Called Strike
1-2: Ground out 4-3 (Groundball, 4, EV 100.0 MPH)
Batting: RHB Jesús Torres 0-0: Foul Ball, location: 2F
0-1: Called Strike
0-2: Ball
1-2: Strikes out looking
Batting: RHB Mun-wah Law 0-0: Ball
1-0: Called Strike
1-1: Ball
2-1: Ball
3-1: Called Strike
3-2: Foul Ball, location: 2F
3-2: Strikes out swinging
Top of the 5th over - 0 runs, 0 hits, 0 errors, 0 left on base; Ft. Worth 0 - Buckhead 2
BOTTOM OF THE 5TH
Buckhead Bowties batting - Pitching for Ft. Worth Cattlemen : LHP Allen Werner
Batting: LHB Jesús Encarnación 0-0: Foul Ball, location: 2F
0-1: Foul Ball, location: 2F
0-2: Foul Ball, location: 2F
0-2: Reached on error, E6 (Groundball, 6, EV 85.0 MPH)
Batting: LHB Spencer Powell 0-0: Grounds into double play, 4-6-3 (Groundball, 4, EV 81.9 MPH)
Pitching: RHP Tom Scots
Batting: LHB Marcus Shill 0-0: Fly out, F5 (Popup, 5SF, EV 83.1 MPH)
Bottom of the 5th over - 0 runs, 0 hits, 1 error, 0 left on base; Ft. Worth 0 - Buckhead 2
TOP OF THE 6TH
Ft. Worth Cattlemen batting - Pitching for Buckhead Bowties : RHP Dave Becker
Batting: RHB Dennis Wacher 0-0: Ball
1-0: Swinging Strike
1-1: Called Strike
1-2: Foul Ball, location: 2F
1-2: Strikes out swinging
Batting: LHB Semo Hoaloha 0-0: Called Strike
0-1: SINGLE (Line Drive, 6D, EV 93.8 MPH)
Batting: LHB Craig Woods 0-0: Ball
1-0: Ball
2-0: Called Strike
2-1: Ball
3-1: Foul Ball, location: 2F
3-2: Foul Ball, location: 2F
3-2: Base on Balls
Semo Hoaloha to second
Batting: SHB Kolby Hay 0-0: Called Strike
0-1: Foul Ball, location: 2F
0-2: Ball
1-2: Foul Ball, location: 2F
1-2: Foul Ball, location: 2F
1-2: Ball
2-2: Ground out 3-1 (Groundball, 34S, EV 71.2 MPH)
Semo Hoaloha to third
Craig Woods to second
Batting: RHB Derek Bangert 0-0: Ball
1-0: Ball
2-0: Foul Ball, location: 2F
2-1: Foul Ball, location: 2F
2-2: Ball
3-2: Foul Ball, location: 5F, Error on foul ball, E5
3-2: Ground out U3 (Groundball, 3L, EV 94.4 MPH)
Top of the 6th over - 0 runs, 1 hit, 1 error, 2 left on base; Ft. Worth 0 - Buckhead 2
BOTTOM OF THE 6TH
Buckhead Bowties batting - Pitching for Ft. Worth Cattlemen : RHP Tom Scots
Batting: LHB Charles Godard 0-0: Foul Ball, location: 2F
0-1: Ball
1-1: Ball
2-1: Fly out, F3 (Popup, 3SF, EV 71.9 MPH)
Batting: RHB César Guerra 0-0: Ball
1-0: Called Strike
1-1: Called Strike
1-2: Strikes out looking
Batting: SHB Arend van der Veen 0-0: Called Strike
0-1: Ball
1-1: Ball
2-1: Fly out, F7 (Flyball, 7S, EV 85.0 MPH)
Bottom of the 6th over - 0 runs, 0 hits, 0 errors, 0 left on base; Ft. Worth 0 - Buckhead 2
TOP OF THE 7TH
Ft. Worth Cattlemen batting - Pitching for Buckhead Bowties : RHP Dave Becker
Pitching: RHP Anthony Hurst
Batting: LHB Count Dante 0-0: Called Strike
0-1: Foul Ball, location: 2F
0-2: Ball
1-2: Strikes out swinging
Batting: RHB Tsuneari Hirano 0-0: Called Strike
0-1: Ground out 5-3 (Groundball, 56, EV 96.9 MPH)
Batting: RHB Jesús Torres 0-0: Called Strike
0-1: Ball
1-1: Ball
2-1: Foul Ball, location: 2F
2-2: Strikes out swinging
Top of the 7th over - 0 runs, 0 hits, 0 errors, 0 left on base; Ft. Worth 0 - Buckhead 2
BOTTOM OF THE 7TH
Buckhead Bowties batting - Pitching for Ft. Worth Cattlemen : RHP Tom Scots
Batting: SHB Silvio Capitanio 0-0: Ball
1-0: Ball
2-0: Ball
3-0: Called Strike
3-1: Foul Ball, location: 2F
3-2: Foul Ball, location: 2F
3-2: Ground out U3 (Groundball, 34, EV 96.9 MPH)
Batting: RHB Barsati Saraf 0-0: Called Strike
0-1: Foul Ball, location: 2F
0-2: Strikes out swinging
Batting: RHB Hugh Mungus 0-0: Ball
1-0: Called Strike
1-1: Foul Ball, location: 2F
1-2: Ground out 6-3 (Groundball, 6, EV 86.2 MPH)
Bottom of the 7th over - 0 runs, 0 hits, 0 errors, 0 left on base; Ft. Worth 0 - Buckhead 2
TOP OF THE 8TH
Ft. Worth Cattlemen batting - Pitching for Buckhead Bowties : RHP Anthony Hurst
Batting: RHB Mun-wah Law 0-0: Ball
1-0: Foul Ball, location: 2F
1-1: TRIPLE (Line Drive, 78XD, EV 99.4 MPH)
Batting: RHB Dennis Wacher 0-0: Fly out, F9 (Flyball, 9, EV 87.5 MPH)
Runner from 3rd tags up, OUT at HOME! 9-2
Batting: LHB Semo Hoaloha 0-0: Ball
1-0: Called Strike
1-1: Foul Ball, location: 2F
1-2: Ball
2-2: Ball
3-2: Base on Balls
Batting: LHB Craig Woods 0-0: Called Strike
0-1: Ball
1-1: Called Strike
1-2: Strikes out swinging
Top of the 8th over - 0 runs, 1 hit, 0 errors, 1 left on base; Ft. Worth 0 - Buckhead 2
BOTTOM OF THE 8TH
Buckhead Bowties batting - Pitching for Ft. Worth Cattlemen : RHP Tom Scots
Batting: LHB Jesús Encarnación 0-0: Called Strike
0-1: Foul Ball, location: 2F
0-2: Ball
1-2: Ball
2-2: Foul Ball, location: 2F
2-2: Ball
3-2: Base on Balls
Batting: LHB Spencer Powell 0-0: Called Strike
0-1: Ball
1-1: Grounds into double play, 6-4-3 (Groundball, 6M, EV 81.2 MPH)
Batting: LHB Marcus Shill 0-0: Ball
1-0: Ball
2-0: Called Strike
2-1: Ball
3-1: Base on Balls
Batting: LHB Charles Godard 0-0: Called Strike
0-1: Foul Ball, location: 2F
0-2: Ball
1-2: Ball
2-2: Fly out, F7 (Flyball, 7D, EV 78.1 MPH)
Bottom of the 8th over - 0 runs, 0 hits, 0 errors, 1 left on base; Ft. Worth 0 - Buckhead 2
TOP OF THE 9TH
Ft. Worth Cattlemen batting - Pitching for Buckhead Bowties : RHP Anthony Hurst
Pitching: RHP Roderick Miller
Batting: SHB Kolby Hay 0-0: Ball
1-0: Ball
2-0: Foul Ball, location: 2F
2-1: Fly out, F8 (Line Drive, 8RM, EV 96.2 MPH)
Batting: RHB Derek Bangert 0-0: Called Strike
0-1: Called Strike
0-2: Strikes out swinging
Batting: LHB Count Dante 0-0: Ball
1-0: Ball
2-0: Ball
3-0: Called Strike
3-1: Base on Balls
Batting: RHB Tsuneari Hirano Balk!
Count Dante to second
0-0: Ball
1-0: Foul Ball, location: 2F
1-1: Fly out, F9 (Line Drive, 9D, EV 96.2 MPH)
Top of the 9th over - 0 runs, 0 hits, 0 errors, 1 left on base; Ft. Worth 0 - Buckhead 2
Tuesday, January 5th, 2021 - OOTP Baseball 20.8 Build 74